Selects Italian Coastal Battlegroup
Construct Infanterie Kompanie
Selects Artillery Officer
Construct Panzergrenadier Kompanie
Nebelwerfer 42 Rocket Launcher Team
Pak 40 Anti-tank Gun Team
Nebelwerfer 42 Rocket Launcher Team
Selects Obice da 210/22 Artillery Emplacement
Selects Designated Artillery Overwatch
Construct Luftwaffe Kompanie
Designated Artillery Overwatch
Pak 40 Anti-tank Gun Team
Pak 40 Anti-tank Gun Team